 Dungeon Crawl Stone Soup version 0.31-a0-222-gefeffbb62a (webtiles) character file.

Game seed: 9419629995413453140

147 qw the Shooter (level 5, 0/30 HPs)
             Began as a Gargoyle Hexslinger on July 5, 2023.
             Slain by a bullfrog skeleton (2 damage)
             ... on level 4 of the Dungeon.
             The game lasted 00:00:57 (2426 turns).

qw the Shooter (Gargoyle Hexslinger)                Turns: 2426, Time: 00:00:57

Health: 0/30       AC:  9    Str: 12    XL:     5   Next: 29%
Magic:  0/6        EV: 10    Int: 13    God:
Gold:   117        SH:  0    Dex: 14    Spells: 5/6 levels left

rFire   . . .        Y - +1 sling (freeze)
rCold   . . .        (no shield)
rNeg    + . .        d - +0 ring mail
rPois   inf          (no helmet)
rElec   +            (no cloak)
rCorr   .            (no gloves)
SInv    .            (no boots)
Will    .....        h - amulet of guardian spirit
Stlth   +            (no ring)
HPRegen 0.25/turn    (no ring)
MPRegen 0.10/turn

%: guardian spirit
@: no status effects
A: sickness immunity, AC +4, negative energy resistance 1, electricity
resistance, torment resistance 1, petrification resistance
a: no special abilities


You were on level 4 of the Dungeon.
You visited 1 branch of the dungeon, and saw 4 of its levels.

You collected 183 gold pieces.
You spent 66 gold pieces at shops.


Innate Abilities, Weirdness & Mutations

You are immune to sickness and miasma.
Your stone body is resilient. (AC +4)
You are immune to poison.
You resist negative energy. (rN+)
You are resistant to electric shocks. (rElec)
You are resistant to unholy torment.
You are immune to petrification.


   Skills:
 - Level 2.0 Fighting
 + Level 4.9 Ranged Weapons
 - Level 1.1 Armour
 - Level 1.5 Dodging
 - Level 1.0 Spellcasting
 - Level 2.6 Hexes


You had 5 spell levels left.
You knew the following spells:

 Your Spells              Type           Power      Damage    Failure   Level
a - Slow                  Hex            28%        N/A       22%         1

Your spell library contained the following spells:

 Spells                   Type           Power      Damage    Failure   Level
 Inner Flame              Hex/Fire       4%         N/A       73%         3
 Portal Projectile        Hex/Tloc       8%         N/A       73%         3
 Cause Fear               Hex            3%         N/A       91%         4

Inventory:

Hand Weapons
 Y - a +1 sling of freezing (weapon)
Armour
 d - a +0 ring mail (worn)
Jewellery
 h - an amulet of guardian spirit (around neck)
Potions
 a - a potion of heal wounds {unknown}
 c - 3 potions of curing
 f - a potion of invisibility {unknown}

Dungeon Overview and Level Annotations

Branches:
Dungeon (4/15)
 Temple: D:4-7

Altars:

Shops:
D:2 !


Message History

The phantom hits you. The bullfrog skeleton hits you.
You shoot a sling bullet.
The sling bullet closely misses the phantom.
The adder skeleton bites you. The quokka barely misses you.
The bullfrog skeleton hits you but does no damage.
The phantom hits you but does no damage.
The phantom barely misses you. The quokka barely misses you.
The adder skeleton bites you but does no damage.
The bullfrog skeleton hits you.
You shoot a sling bullet. The sling bullet misses the phantom.
The phantom hits you but does no damage.
The phantom hits you.
The phantom blinks!
You blink.
An adder skeleton and a scorpion zombie come into view.
Found a scale mail.
The adder skeleton bites you but does no damage.
The phantom hits you but does no damage.
You shoot a sling bullet.
The sling bullet closely misses the phantom.
The bullfrog skeleton hits you.
The quokka bites you but does no damage.
The adder skeleton barely misses you.
The bullfrog skeleton closely misses you.
The phantom barely misses you. The quokka completely misses you.
You shoot a sling bullet. The sling bullet hits the phantom.
The phantom is heavily damaged.
The adder skeleton bites you but does no damage.
The bullfrog skeleton hits you but does no damage.
The quokka misses you.
The phantom hits you but does no damage.
The phantom hits you.
The adder skeleton bites you but does no damage.
The bullfrog skeleton completely misses you.
You shoot a sling bullet. The sling bullet hits the phantom.
The phantom is severely damaged.
The quokka bites you but does no damage.
The phantom completely misses you.
The phantom hits you but does no damage.
The adder skeleton bites you but does no damage.
The bullfrog skeleton hits you.
You die...

######## .. ..#...#
#.####.#.$.########
#.....#...W........
#..##.....Z@.Z.~...
#..##..>..ZrW..~~~.
#..##.......Z..~~~.
#....#.#...##.~~~~P
#..####..<..#...# [~~~~P
.......)....#.#.....~...
#.######....#...###.####
#.# ##%#.#...# .# #.#
#.#.#. .#


You could see 2 phantoms, a scorpion zombie, a quokka, 2 adder skeletons and a
bullfrog skeleton.

Vanquished Creatures
  A scorpion (D:4)
  A howler monkey skeleton (D:4)
  3 adders
  2 dart slugs (D:1)
  2 ball pythons
  2 endoplasms (D:1)
  4 giant cockroaches
  4 goblins
  5 hobgoblins
  4 jackals
  A quokka (D:1)
  3 bats
  3 frilled lizards
  10 kobolds
  4 rats
49 creatures vanquished.

Notes
Turn   | Place    | Note
-------+----------+-------------------------------------------
     0 | D:1      | qw the Gargoyle Hexslinger began the quest for the Orb.
     0 | D:1      | Reached XP level 1. HP: 12/12 MP: 2/2
     0 | D:1      | 0 ||| qw: Version: 0.3-a-46-gb1f654a
     0 | D:1      | 0 ||| qw: Game counter: 1011
     0 | D:1      | 0 ||| qw: Melee chars always use a shield: true
     0 | D:1      | 0 ||| qw: God list: Okawaru
     0 | D:1      | 0 ||| qw: Allow faded altars: false
     0 | D:1      | 0 ||| qw: Do Orc after clearing Dungeon:15 true
     0 | D:1      | 0 ||| qw: Do second Lair branch before Depths: true
     0 | D:1      | 0 ||| qw: Lair rune preference: random
     0 | D:1      | 0 ||| qw: Goals: Normal
     0 | D:1      | 0 ||| PLANNING D:1-11
    53 | D:1      | Reached XP level 2. HP: 16/16 MP: 3/3
   133 | D:1      | 133 ||| FLEEEEING.
   154 | D:1      | Reached skill level 3 in Ranged Weapons
   468 | D:1      | Reached XP level 3. HP: 21/21 MP: 4/4
   736 | D:1      | 736 ||| UPGRADING to +0 ring mail.
   746 | D:1      | 746 ||| DROPPING +0 robe.
   747 | D:1      | 747 ||| UPGRADING to amulet of guardian spirit.
   752 | D:1      | 752 ||| READING scroll labelled CYCIDU ZIAC.
   753 | D:1      | 753 ||| READING scroll labelled LOLENL QEIRR.
   754 | D:1      | 754 ||| DRINKING 2 white potions.
   784 | D:1      | 784 ||| DROPPING scroll of poison.
   785 | D:1      | 785 ||| DROPPING potion of lignification.
  1017 | D:2      | Found Zuttet's Distillery.
  1029 | D:2      | 1029 ||| BUYING 2 potions of curing (66 gold).
  1029 | D:2      | Bought 2 potions of curing for 66 gold pieces
  1029 | D:2      | 1029 ||| SHOPLISTING potion of curing (33 gold, have 31).
  1029 | D:2      | 1029 ||| SHOPLISTING potion of haste (110 gold, have 31).
  1029 | D:2      | 1029 ||| SHOPLISTING potion of might (44 gold, have 31).
  1029 | D:2      | 1029 ||| SHOPLISTING potion of resistance (110 gold, have
                  | 31).
  1306 | D:2      | 1306 ||| DROPPING amulet of magic regeneration.
  1538 | D:3      | Reached XP level 4. HP: 26/26 MP: 5/5
  1589 | D:3      | 1589 ||| READING scroll of brand weapon.
  1589 | D:3      | 1589 ||| BRANDING +1 sling of flaming.
  1628 | D:3      | Reached skill level 4 in Ranged Weapons
  1955 | D:3      | Reached skill level 1 in Armour
  2233 | D:3      | 2233 ||| DROPPING ring of magical power.
  2234 | D:3      | 2234 ||| READING scroll labelled HOYXEH LAUGEIX.
  2343 | D:4      | Noticed a scorpion
  2355 | D:4      | Killed a scorpion
  2356 | D:4      | Reached XP level 5. HP: 27/30 MP: 4/6
  2403 | D:4      | Noticed a phantom
  2417 | D:4      | Noticed a phantom
  2422 | D:4      | HP: 7/30 [bullfrog skeleton (3)]
  2425 | D:4      | HP: 2/30 [phantom (2)]
  2426 | D:4      | Slain by a bullfrog skeleton

Levels and vault maps discovered:
D:1:      dpeg_arrival_fog, layout_loops_ring
D:2:      layout_basic, serial_shops, shop
D:3:      layout_loops_corners, grunt_ministairs_1
D:4:      layout_loops_ring, serial_undead, serial_undead_a, serial_undead_d,
          serial_undead_a, serial_undead_e, serial_undead_f, serial_undead_e,
          serial_undead_b

Skill      XL: |  1  2  3  4 |
---------------+-------------+-----
Ranged Weapons | 3 4 |  4.9
Fighting       | 2 |  2.0
Armour         | 1 |  1.1
Dodging        | |  1.5
Spellcasting   | |  1.0
Hexes          | |  2.6

Action                     |  1- 3 |  4- 6 || total
---------------------------+-------+-------++-------
   Fire: Sling             |   122 |    75 ||   197
    Use: Scroll            |     2 |     2 ||     4
         Potion            |     1 |       ||     1
 Armour: Robe              |    10 |       ||    10
         Ring mail         |    15 |    42 ||    57
  Dodge: Dodged            |    32 |    35 ||    67

Table legend:
 A = Non-vault XP
 B = Vault XP
 C = Vault XP percentage of total XP
 D = Non-vault monster count
 E = Vault monster count
 F = Vault count percentage of total count
                 A         B        C        D         E       F
            +---------+---------+-------+---------+---------+-------
      Total |     196 |      15 |   7.1 |      47 |       2 |   4.1
            +---------+---------+-------+---------+---------+-------
        D:1 |      41 |       0 |   0.0 |      22 |       0 |   0.0
        D:2 |      25 |       0 |   0.0 |       8 |       0 |   0.0
        D:3 |      48 |       1 |   2.0 |      15 |       1 |   6.2
        D:4 |      82 |      14 |  14.6 |       2 |       1 |  33.3
            +---------+---------+-------+---------+---------+-------
